[Event "*** Titled Tuesday Blitz"]
[Site "Chess.com"]
[Date "2021.02.09"]
[Round "6"]
[White "Tactictic"]
[Black "GelmanAlexander"]
[Result "0-1"]
[WhiteElo "2421"]
[BlackElo "2603"]
[TimeControl "180+1"]
[EndTime "11:07:33 PST"]
[Termination "GelmanAlexander won by checkmate"]

1. e4 c5 2. Nf3 e6 3. d4 cxd4 4. Nxd4 a6 5. Bd3 d6 6. c4 Nf6 7. O-O b6 8. Nc3 Bb7 9. f4 Nbd7 10. b3 g6 11. Bb2 Bg7 12. Qd2 O-O 13. Rad1 Qc7 14. Nf3 Rad8 15. Kh1 Nc5 16. Qe3 Nxd3 17. Qxd3 Nh5 18. Nd4 Rfe8 19. Nce2 e5 20. Nc2 exf4 21.
Bxg7 Bxe4 22. Qc3 Nxg7 23. Nxf4 d5 24. Nb4 dxc4 25. bxc4 Rxd1 26. Rxd1 Qxf4 27. Qd4 Bxg2+ 28. Kxg2 Re2+ 29. Kg1 Qg5+ 30. Kf1 Qg2# 0-1

[Event "*** Titled Tuesday Blitz"]
[Site "Chess.com"]
[Date "2021.02.09"]
[Round "6"]
[White "Forantes"]
[Black "lelajavakhishvili"]
[Result "1-0"]
[WhiteElo "2389"]
[BlackElo "2480"]
[TimeControl "180+1"]
[EndTime "11:07:33 PST"]
[Termination "Forantes won by resignation"]

1. e4 c5 2. Nf3 e6 3. c3 Nf6 4. e5 Nd5 5. Bc4 Nc6 6. O-O d6 7.
exd6 Nb6 8. Bb5 Bxd6 9. d4 O-O 10. dxc5 Bxc5 11. Bg5 Be7 12. Bxe7 Qxe7 13. Nbd2 Bd7 14. Ne4 Rfd8 15. Qd6 a6 16. Qxe7 Nxe7 17. Bxd7 Rxd7 18. Rfd1 Rad8 19. Rxd7 Rxd7 20. Kf1 Rc7 21. Rd1 Nd7 22. Ne5 Nf8 23. Rd8 f6 24. Nd3 Nc6 25. Ra8 Kf7 26. Ke2 Ke7 27. Kd2 Nd7 28. Rg8 Kf7 29. Rh8 h6 30. Nd6+ Kg6 31. Nf4+ Kg5 32. Nxe6+ Kg4 33. Nxc7 1-0

[Event "*** Titled Tuesday Blitz"]
[Site "Chess.com"]
[Date "2021.02.09"]
[Round "6"]
[White "manmanlai1"]
[Black "Willychess95"]
[Result "0-1"]
[WhiteElo "2465"]
[BlackElo "2622"]
[TimeControl "180+1"]
[EndTime "11:07:35 PST"]
[Termination "Willychess95 won by resignation"]

1. d4 Nf6 2. c4 e6 3. Nc3 Bb4 4. Bd2 b6 5. f3 d5 6. a3 Bxc3 7. Bxc3 O-O 8. e3 Bb7 9. Bd3 Nbd7 10. Ne2 c5 11. O-O cxd4 12. Nxd4 Ne5 13. Nxe6 Nxf3+ 14. Qxf3 fxe6 15. Qh3 Qd7 16. cxd5 Bxd5 17. Rad1 Qb7 18. Rf4 Rad8 19. Rh4 h6 20. Rf1 Bxg2 21. Qxe6+ Qf7 22.
Bc4 Bd5 23. Bxf6 Qxe6 0-1

[Event "*** Titled Tuesday Blitz"]
[Site "Chess.com"]
[Date "2021.02.09"]
[Round "6"]
[White "PlotnikovPavel"]
[Black "Smile2005"]
[Result "0-1"]
[WhiteElo "2532"]
[BlackElo "2344"]
[TimeControl "180+1"]
[EndTime "11:07:36 PST"]
[Termination "Smile2005 won by resignation"]

1. e4 d5 2. exd5 Nf6 3. d4 Nxd5 4.
c4 Nb6 5. Nf3 Bg4 6. Be2 e6 7.
c5 N6d7 8. Qb3 Nc6 9. Be3 Rb8 10. O-O Be7 11. Nc3 O-O 12. h3 Bf5 13. Rfd1 Nf6 14.
d5 exd5 15. Nxd5 Nxd5 16. Rxd5 Qc8 17. Nd4 Be4 18. Rh5 g6 19. Rh6 Nxd4 20. Bxd4 Bg5 21. Be3 Qf5 22. Bg4 Qe5 23. Bxg5 Qxg5 24. Qe3 Qxe3 25. fxe3 Kg7 26. Rh4 g5 27. Rh5 h6 28. h4 f6 29. hxg5 hxg5 30. Rh1 Rbd8 31. Rd1 Rxd1+ 32. Bxd1 Rd8 33. Bb3 Rd2 34. Rh2 Rxb2 35.
g3 Rxh2 36. Kxh2 f5 37. Kg1 Kf6 38. Kf2 Ke5 39. Ke1 Bd5 40. Kd2 Bxb3 41. axb3 Ke4 42. b4 a6 43. Kc3 Kxe3 44. Kc4 Ke4 0-1

[Event "*** Titled Tuesday Blitz"]
[Site "Chess.com"]
[Date "2021.02.09"]
[Round "6"]
[White "SharapovEvgeny"]
[Black "ybruned"]
[Result "1-0"]
[WhiteElo "2460"]
[BlackElo "2288"]
[TimeControl "180+1"]
[EndTime "11:07:36 PST"]
[Termination "SharapovEvgeny won on time"]

1. c4 Nf6 2. Nc3 e6 3. e4 d5 4. e5 d4 5. exf6 dxc3 6. fxg7 cxd2+ 7. Qxd2 Qxd2+ 8. Bxd2 Bxg7 9. O-O-O O-O 10. Ne2 Nc6 11. Bc3 e5 12. f4 f6 13. Ng3 Bg4 14. Be2 Bxe2 15. Nxe2 Rad8 16. f5 Bh6+ 17. Kc2 Be3 18. g4 Kf7 19. Rd3 Rxd3 20. Kxd3 Bb6 21. Rd1 Rd8+ 22. Kc2 Rxd1 23. Kxd1 Ba5 24. Bxa5 Nxa5 25. b3 c5 26. Kd2 Nc6 27. Kd3 Nb4+ 28. Ke4 Nxa2 29.
Kd5 b6 30. Kc6 Nb4+ 31. Kb7 e4 32. Kxa7 Nc6+ 33. Kxb6 Nd4 34. Nc3 e3 35. Kxc5 Nxb3+ 36. Kd6 Nc1 37. c5 e2 38. Nxe2 Nxe2 39. c6 Nd4 40. c7 Nb5+ 41. Kd7 Nxc7 42. Kxc7 1-0

[Event "*** Titled Tuesday Blitz"]
[Site "Chess.com"]
[Date "2021.02.09"]
[Round "6"]
[White "Chuchofrio1"]
[Black "The_Machine04"]
[Result "1-0"]
[WhiteElo "2316"]
[BlackElo "2459"]
[TimeControl "180+1"]
[EndTime "11:07:37 PST"]
[Termination "Chuchofrio1 won by checkmate"]

1. e4 d6 2. d4 Nf6 3. Nc3 e5 4. Nf3 Nbd7 5. Bc4 Be7 6. Bg5 c6 7. dxe5 dxe5 8. O-O h6 9. Bxf6 Bxf6 10. Qd2 O-O 11.
Rad1 Qc7 12. a3 b5 13. Ba2 Be7 14. h3 a5 15. Ne2 Nc5 16. Ng3 Na4 17. c4 b4 18. Qc2 Nc5 19. Rd2 Rb8 20. axb4 axb4 21. Bb3 Ne6 22. Nf5 Bc5 23. g3 Ng5 24. Nxg5 hxg5 25.
Qd1 g6 26. Nh6+ Kg7 27. Ng4 Be6 28. Kg2 Rbd8 29. Rxd8 Rxd8 30. Qf3 Bxg4 31. Qxg4 Rd2 32.
Qxg5 Rxb2 33. Bd1 Bd4 34. h4 Qd6 35. h5 Qf6 36. h6+ Kh7 37. Qxf6 Kxh6 38. Rh1# 1-0

[Event "*** Titled Tuesday Blitz"]
[Site "Chess.com"]
[Date "2021.02.09"]
[Round "6"]
[White "seorobert1971"]
[Black "FairChess_on_YouTube"]
[Result "1/2-1/2"]
[WhiteElo "2721"]
[BlackElo "2940"]
[TimeControl "180+1"]
[EndTime "11:07:39 PST"]
[Termination "Game drawn by repetition"]

1. Nf3 d5 2. g3 c6 3. Bg2 Bf5 4. O-O e6 5. d3 h6 6. Qe1 Bh7 7. e4 Be7 8. Qe2 Nf6 9. Nc3 O-O 10. Bf4 Nbd7 11. Ne5 a5 12. a4 Re8 13. Rfd1 Qb6 14.
Rab1 Bc5 15. Nxd7 Nxd7 16. h3 Bd4 17. Bd2 Nc5 18. b3 Na6 19. Na2 Nb4 20. Nxb4 axb4 21.
Rf1 Qc5 22. Qd1 dxe4 23. Bxe4 Bxe4 24. dxe4 Red8 25. Qc1 b5 26. axb5 Ra2 27. Be3 Rxc2 28. Bxd4 Rxd4 29. Qf4 cxb5 30. Rfd1 e5 31. Qf5 g6 32. Qf6 Rxd1+ 33. Rxd1 Rc1 34. Rxc1 Qxc1+ 35. Kg2 Qc3 36. Qd8+ Kg7 37. Qd5 h5 38. h4 Kf6 39.
Qd6+ Kg7 40. Qd5 Qb2 41. Kf1 Qa1+ 42. Kg2 Qc3 43. Kf1 Kg8 44. Kg2 Kf8 45. Qd8+ Kg7 46. Qd5 1/2-1/2

[Event "*** Titled Tuesday Blitz"]
[Site "Chess.com"]
[Date "2021.02.09"]
[Round "6"]
[White "NMJeevanK"]
[Black "PowerThinking2650"]
[Result "0-1"]
[WhiteElo "2497"]
[BlackElo "2409"]
[TimeControl "180+1"]
[EndTime "11:07:39 PST"]
[Termination "PowerThinking2650 won on time"]

1. e4 e5 2. Nf3 Nc6 3. Bb5 a6 4. Ba4 Nf6 5. O-O Be7 6. c3 b5 7. Bc2 d6 8. h3 O-O 9. d4 exd4 10. cxd4 Nb4 11. Bb3 c5 12. a3 Nc6 13. d5 Na5 14. Bc2 c4 15. Re1 Nd7 16. Nbd2 Bf6 17. Nf1 Nc5 18.
Ng3 Nab3 19. Bxb3 Nxb3 20. Rb1 g6 21. Bh6 Re8 22. Nh2 Nc5 23. Ng4 Bh8 24. f4 Qh4 25. Bg5 Qxg3 26. Nh6+ Kf8 27. e5 Bxh3 28. Qd2 Nb3 29.
Qf2 Qxf2+ 30. Kxf2 Bd7 31. exd6 Bd4+ 32. Kg3 f6 0-1

[Event "*** Titled Tuesday Blitz"]
[Site "Chess.com"]
[Date "2021.02.09"]
[Round "6"]
[White "mr_gustavo"]
[Black "LEGENYA1998"]
[Result "0-1"]
[WhiteElo "2403"]
[BlackElo "2257"]
[TimeControl "180+1"]
[EndTime "11:07:39 PST"]
[Termination "LEGENYA1998 won by resignation"]

1. e4 b6 2. d4 Bb7 3. Nc3 e6 4. Nf3 a6 5. Bd3 Ne7 6. O-O d6 7. Re1 Nd7 8. Bf4 g6 9. h4 h6 10. h5 g5 11. Bg3 Bg7 12. e5 dxe5 13. dxe5 Nc5 14. Qe2 Nxd3 15. cxd3 Nf5 16. d4 Nxg3 17. fxg3 g4 18. Nh4 Qxd4+ 19. Kh2 O-O 20. Rad1 Qb4 21. a3 Qb3 22. Qxg4 Qxb2 23. Ne4 Qxe5 24. Nd6 Qg5 25. Qxg5 hxg5 26. Nxb7 gxh4 27. Rd7 hxg3+ 28. Kxg3 Ra7 29. Nd6 Raa8 30. Ne4 Rad8 31. Rxd8 Rxd8 32. Rc1 Rd4 33. Kf3 c5 34. Rh1 Bh6 35. Rh4 Kh8 36. Rh3 c4 37. Rg3 Rd3+ 38. Kf2 Rxg3 39. Kxg3 b5 40. Kf3 Bg7 41.
g4 Bd4 42. g5 a5 43. Nd6 c3 44. Nxf7+ Kg7 45. Nd8 c2 46. Nxe6+ Kf7 47. Nxd4 c1=Q 48.
g6+ 0-1

[Event "*** Titled Tuesday Blitz"]
[Site "Chess.com"]
[Date "2021.02.09"]
[Round "6"]
[White "GOGIEFF"]
[Black "VMikhalevski"]
[Result "1-0"]
[WhiteElo "2900"]
[BlackElo "2696"]
[TimeControl "180+1"]
[EndTime "11:07:40 PST"]
[Termination "GOGIEFF won on time"]

1. d4 Nf6 2. c4 g6 3. Nc3 d5 4. Nf3 Bg7 5. cxd5 Nxd5 6. Bd2 Nc6 7. e4 Nxc3 8. bxc3 O-O 9. Be2 Na5 10. c4 c5 11. d5 e6 12. O-O b6 13. Rb1 Ba6 14.
Bxa5 bxa5 15. Qd2 Re8 16. d6 Rb8 17. e5 Bb7 18. Rfe1 f6 19. exf6 Bxf6 20. Rb5 Bxf3 21.
Bxf3 Bd4 22. Rxb8 Qxb8 23. d7 Rf8 24. Rxe6 Qb1+ 25. Re1 Qf5 26. Re7 Qb1+ 27. Qe1 Qxe1+ 28. Rxe1 Kf7 29. Bd5+ Kg7 30. Re7+ Kh6 31. Rf7 Rd8 32. h4 1-0

[Event "*** Titled Tuesday Blitz"]
[Site "Chess.com"]
[Date "2021.02.09"]
[Round "6"]
[White "chessmause"]
[Black "Mihnea2017"]
[Result "0-1"]
[WhiteElo "2207"]
[BlackElo "2401"]
[TimeControl "180+1"]
[EndTime "11:07:42 PST"]
[Termination "Mihnea2017 won by resignation"]

1. e4 c5 2. Nc3 Nc6 3. d3 g6 4.
Be3 b6 5. d4 Bg7 6. dxc5 bxc5 7. Bc4 Nf6 8. Nf3 O-O 9. O-O d6 10. Qd2 Ng4 11. Bf4 Rb8 12. h3 Nge5 13. Bd5 Nxf3+ 14.
gxf3 Nd4 15. Kg2 Rxb2 16. Bb3 c4 17. Na4 cxb3 18. Nxb2 bxc2 19. Bh6 e5 20. Bxg7 Kxg7 21. Rac1 Qh4 22. Rh1 Qh5 23. Qe3 f5 24. Nc4 fxe4 25.
fxe4 Rf3 26. Qd2 Bxh3+ 27. Kg1 Qg4+ 0-1

[Event "*** Titled Tuesday Blitz"]
[Site "Chess.com"]
[Date "2021.02.09"]
[Round "6"]
[White "LamaChampetre"]
[Black "Vamostodorecto"]
[Result "0-1"]
[WhiteElo "2240"]
[BlackElo "2416"]
[TimeControl "180+1"]
[EndTime "11:07:43 PST"]
[Termination "Vamostodorecto won by resignation"]

1. d4 Nf6 2. c4 g6 3. Nc3 d5 4.
cxd5 Nxd5 5. e4 Nb6 6. Be3 Bg7 7. Nf3 O-O 8. Be2 Bg4 9. O-O Nc6 10. d5 Bxf3 11.
Bxf3 Ne5 12. Be2 Nec4 13. Bc1 f5 14. Rb1 Bxc3 15. bxc3 fxe4 16. Bh6 Rf6 17. Bg5 Rf5 18. Bh6 Qxd5 19. Qxd5+ Rxd5 20. Rxb6 Nxb6 21. a4 a5 22. h3 Rad8 23. Bg4 Kf7 24. Bf4 e5 25. Bg5 R8d6 26. Be3 Nc4 27. Bh6 c6 28. Re1 e3 29.
fxe3 e4 30. Bg5 Rxg5 0-1

[Event "*** Titled Tuesday Blitz"]
[Site "Chess.com"]
[Date "2021.02.09"]
[Round "6"]
[White "ZivkovicN"]
[Black "UCantHandleDenker"]
[Result "0-1"]
[WhiteElo "2458"]
[BlackElo "2619"]
[TimeControl "180+1"]
[EndTime "11:07:44 PST"]
[Termination "UCantHandleDenker won by checkmate"]

1. e4 c5 2. Nf3 d6 3. Bb5+ Bd7 4.
Bxd7+ Qxd7 5. c4 Nc6 6. Nc3 g6 7. d4 cxd4 8. Nxd4 Bg7 9. Be3 Nf6 10. f3 O-O 11. O-O Rfc8 12. b3 Qd8 13. Rc1 a6 14. Qd2 Rab8 15. a4 Qa5 16. Rfd1 h5 17.
h3 Kh7 18. Kh1 h4 19. Nde2 Nh5 20. Nd5 Qxd2 21. Rxd2 e6 22. Nb6 Rd8 23. Rcd1 Na5 24. Nc1 Ng3+ 25. Kg1 Be5 26. Bg5 f6 27. Bxh4 g5 28. Bxg3 Bxg3 29. c5 Bf4 30. Rd3 Bxc1 31. Rxc1 dxc5 32. Rxd8 Rxd8 33. Rxc5 Rd1+ 34. Kh2 Nxb3 35.
Rc7+ Kg6 36. Rxb7 Nd2 37. Kg3 Rb1 38. a5 Rb2 39. Rb8 Nf1+ 40. Kg4 Rxg2# 0-1

[Event "*** Titled Tuesday Blitz"]
[Site "Chess.com"]
[Date "2021.02.09"]
[Round "6"]
[White "GameOverBro"]
[Black "mirochka"]
[Result "0-1"]
[WhiteElo "2411"]
[BlackElo "2261"]
[TimeControl "180+1"]
[EndTime "11:07:46 PST"]
[Termination "mirochka won by resignation"]

1. e4 c5 2. Ne2 Nc6 3. Nbc3 e6 4. d4 cxd4 5. Nxd4 a6 6. Nxc6 dxc6 7. Bd3 e5 8. O-O Nf6 9. f4 Bc5+ 10. Kh1 Ng4 11. Qe1 Qd4 12. Nd1 exf4 13. Bxf4 Be6 14. h3 h5 15. Qh4 g6 16. Be2 Be7 17. Qg3 Qxe4 18. Nc3 Qxc2 19. hxg4 hxg4+ 20. Kg1 O-O-O 21. Rad1 Qxb2 22. Rxd8+ Bxd8 23. Qe3 Bb6 24. Rc1 Qxc1+ 0-1

[Event "*** Titled Tuesday Blitz"]
[Site "Chess.com"]
[Date "2021.02.09"]
[Round "6"]
[White "Vesper2018"]
[Black "northridgehawk"]
[Result "1-0"]
[WhiteElo "2580"]
[BlackElo "2347"]
[TimeControl "180+1"]
[EndTime "11:07:48 PST"]
[Termination "Vesper2018 won by resignation"]

1. e4 e5 2. Nf3 Nc6 3. Bb5 a6 4. Ba4 Nf6 5. O-O b5 6. Bb3 Bc5 7. d3 d6 8. a4 Rb8 9. c3 O-O 10.
Bg5 Be6 11. Nbd2 Bb6 12. Bc2 h6 13. Bh4 g5 14. Nxg5 hxg5 15. Bxg5 Kg7 16. Qf3 Rh8 17. Bd1 Kg6 18. Qg3 Qg8 19. Bh4+ Kh7 20. Bxf6 Qxg3 21.
hxg3 Rhg8 22. Bh5 Kh6 23. Be2 Kg6 24. Bh4 f6 25. axb5 axb5 26. Kh2 Rh8 27. f4 exf4 28. Rxf4 Rbf8 29. Raf1 f5 30. exf5+ Rxf5 31. Rxf5 Bxf5 32. d4 b4 33. Nc4 bxc3 34. bxc3 Re8 35. Bh5+ Kxh5 36.
Rxf5+ Kg6 37. Rf6+ Kg7 38. Nxb6 cxb6 39. Rxd6 Rc8 40. Bg5 Na5 41. Rxb6 Rxc3 42. Bd2 Ra3 43. Bb4 Ra1 44. d5 Nc4 45. Rc6 Ne5 46. Bc3 1-0

[Event "*** Titled Tuesday Blitz"]
[Site "Chess.com"]
[Date "2021.02.09"]
[Round "6"]
[White "Dahamdi_Sanudula"]
[Black "chesslh19"]
[Result "1-0"]
[WhiteElo "1772"]
[BlackElo "2227"]
[TimeControl "180+1"]
[EndTime "11:07:50 PST"]
[Termination "Dahamdi_Sanudula won by resignation"]

1. d4 Nf6 2. e3 d5 3. Bd3 c5 4. c3 Nc6 5. f4 Bg4 6. Nf3 e6 7. O-O Be7 8. Nbd2 O-O 9. Qe1 Bf5 10. Qe2 c4 11. Bb1 b5 12. Ne5 Qc7 13. Ndf3 Bxb1 14.
Rxb1 Ne4 15. Bd2 a5 16. Be1 Nxe5 17. fxe5 f5 18. exf6 Bxf6 19. Nd2 Nxd2 20. Bxd2 e5 21.
Be1 exd4 22. exd4 Rae8 23. Qc2 Bg5 24. Bg3 Qd7 25. Rxf8+ Rxf8 26. Re1 Bf6 27. b3 cxb3 28. axb3 a4 29. bxa4 bxa4 30. Ra1 Ra8 31. Qa2 Qc6 32. h3 Qxc3 33. Qxd5+ Kf8 34. Qxa8+ Ke7 35. Qb7+ Kf8 36. Qb8+ Ke7 37. Qc7+ Kf8 38. Qxc3 1-0

[Event "*** Titled Tuesday Blitz"]
[Site "Chess.com"]
[Date "2021.02.09"]
[Round "6"]
[White "StockholmMissile"]
[Black "rogapa"]
[Result "0-1"]
[WhiteElo "2508"]
[BlackElo "2738"]
[TimeControl "180+1"]
[EndTime "11:07:53 PST"]
[Termination "rogapa won on time"]

1. d4 Nf6 2. c4 e6 3. Nf3 d5 4. Bg5 Be7 5. e3 O-O 6. Qc2 c5 7. cxd5 exd5 8. Bxf6 Bxf6 9. Qxc5 Nc6 10. Nc3 Be6 11. Be2 a6 12. Qa3 b5 13. Qb3 Na5 14.
Qd1 Nc4 15. Bxc4 dxc4 16. O-O b4 17. Ne4 Be7 18. a3 a5 19. Nc5 Bd5 20. Qc2 Bxc5 21. dxc5 Qc7 22. e4 Be6 23. Nd4 Qxc5 24. Nxe6 fxe6 25.
axb4 axb4 26. Rxa8 Rxa8 27. Rc1 c3 28. bxc3 bxc3 29.
h3 Rc8 30. Rd1 h6 31. Qb3 Qc6 32. Re1 c2 0-1

[Event "*** Titled Tuesday Blitz"]
[Site "Chess.com"]
[Date "2021.02.09"]
[Round "6"]
[White "Anna_ChessMate"]
[Black "Kostukov_Alex"]
[Result "1-0"]
[WhiteElo "2565"]
[BlackElo "2371"]
[TimeControl "180+1"]
[EndTime "11:07:54 PST"]
[Termination "Anna_ChessMate won by resignation"]

1. d4 g6 2. c4 Bg7 3. g3 d6 4. Bg2 e5 5. dxe5 dxe5 6. Qxd8+ Kxd8 7. Nc3 f6 8. Be3 c6 9. O-O-O+ Nd7 10. f4 exf4 11.
Bxf4 Bh6 12. e3 Ke7 13. Nf3 Ne5 14. Nxe5 fxe5 15. Bxe5 Nf6 16. Kb1 Bg4 17. Rhf1 Bg7 18. Rd4 Bf5+ 19. e4 Nxe4 20. Bxg7 Nxc3+ 21. Ka1 Rhg8 22. Bh6 Na4 23. g4 Be6 24. Bg5+ Ke8 25. Rf6 Bf7 26.
Re4+ Kf8 27. Ref4 1-0

[Event "*** Titled Tuesday Blitz"]
[Site "Chess.com"]
[Date "2021.02.09"]
[Round "6"]
[White "ErikBlomqvist"]
[Black "Kapibara_Warri0r"]
[Result "1-0"]
[WhiteElo "2523"]
[BlackElo "2205"]
[TimeControl "180+1"]
[EndTime "11:07:54 PST"]
[Termination "ErikBlomqvist won by resignation"]

1. e4 c5 2. Nf3 d6 3. Nc3 Nf6 4. e5 dxe5 5. Nxe5 Qc7 6. d4 cxd4 7. Qxd4 a6 8. Bg5 h6 9. Bh4 e6 10. Bxf6 gxf6 11. Ng4 Bc5 12. Nxf6+ Kf8 13. Nd7+ Bxd7 14.
Qxh8+ Ke7 15. Ne4 Nc6 16. Qf6+ Ke8 17. Nxc5 Qa5+ 18. Qc3 Nb4 19. Nxd7 Nxc2+ 20. Kd2 Qxc3+ 21. Kxc3 Nxa1 22. Nb6 Rd8 23. Be2 Rd6 24. Nc4 Rc6 25. Rxa1 b5 26. Rd1 bxc4 27. Bxc4 Ke7 28. b4 a5 29.
bxa5 Rc5 30. Kb4 Rg5 31. a6 Rxg2 32. a7 Rg8 33. Ka5 Ra8 34. Kb6 1-0

[Event "*** Titled Tuesday Blitz"]
[Site "Chess.com"]
[Date "2021.02.09"]
[Round "6"]
[White "RD4ever"]
[Black "GigaQuparadze"]
[Result "1-0"]
[WhiteElo "2872"]
[BlackElo "2913"]
[TimeControl "180+1"]
[EndTime "11:07:55 PST"]
[Termination "RD4ever won by resignation"]

1. d4 Nf6 2. c4 e6 3. Nf3 b6 4. a3 Ba6 5. Qc2 Bb7 6. Nc3 c5 7. e4 cxd4 8. Nxd4 Nc6 9. Nxc6 Bxc6 10. e5 Ng4 11. Qe2 Nh6 12. Bxh6 gxh6 13. Ne4 Bxe4 14.
Qxe4 Bg7 15. Be2 Rc8 16. O-O d6 17. Rad1 Bxe5 18. f4 Bxb2 19. f5 Qe7 20. fxe6 Qxe6 21. Qc2 Be5 22. Qa4+ Kf8 23. Qxa7 Kg7 24. Bf3 Rhf8 25.
Bd5 Qg6 26. Qxb6 Rc5 27. Qb7 h5 28. Rf3 h4 29. Rdf1 h3 30. Rxh3 Ra5 31. Rxf7+ Rxf7 32. Bxf7 Bd4+ 33. Kh1 Ra7 34. Bxg6+ Rxb7 35. Rxh7+ 1-0

[Event "*** Titled Tuesday Blitz"]
[Site "Chess.com"]
[Date "2021.02.09"]
[Round "6"]
[White "ehrenfeld"]
[Black "Pertinhez76"]
[Result "1-0"]
[WhiteElo "2518"]
[BlackElo "2014"]
[TimeControl "180+1"]
[EndTime "11:07:55 PST"]
[Termination "ehrenfeld won by resignation"]

1. e4 e6 2. d4 d5 3. e5 c5 4. c3 Nc6 5. Nf3 Qb6 6. a3 a5 7.
Bd3 Bd7 8. Bc2 Rc8 9. O-O Nge7 10.
dxc5 Qc7 11. Re1 Ng6 12. Bxg6 hxg6 13. b4 Be7 14. Bf4 g5 15. Bg3 g4 16. Nd4 Nxe5 17.
Bxe5 Qd8 18. Nd2 Bf6 19. Qxg4 Bxe5 20. Rxe5 Qf6 21. Qg5 Ra8 22. f4 Kd8 23. N2f3 Kc7 24. Qxf6 gxf6 25. Ree1 Rh5 26. Kf2 Rg8 27. b5 a4 28. Rab1 Rg4 29. g3 Rg8 30. Rb4 Ra8 31. c6 bxc6 32. bxc6 Bc8 33. g4 Rh8 34. h4 Rg8 35. g5 Ra5 36. gxf6 Rc5 37. Ne5 Rxc3 38. Nb5+ Kd8 39. Nxc3 1-0

[Event "*** Titled Tuesday Blitz"]
[Site "Chess.com"]
[Date "2021.02.09"]
[Round "6"]
[White "CalinGheorghiu"]
[Black "eCztery"]
[Result "1-0"]
[WhiteElo "2309"]
[BlackElo "2453"]
[TimeControl "180+1"]
[EndTime "11:07:57 PST"]
[Termination "CalinGheorghiu won by resignation"]

1. e4 c5 2. Nf3 g6 3. d4 cxd4 4.
Qxd4 Nf6 5. e5 Nc6 6. Qa4 Nd5 7. Qe4 Nc7 8. Nc3 Bg7 9. Bf4 O-O 10. Bd3 d5 11.
exd6 exd6 12. O-O-O d5 13. Qa4 Ne6 14. Bb5 d4 15.
Bxc6 bxc6 16. Bg3 c5 17. Ne4 Bb7 18. Rhe1 Bxe4 19. Rxe4 Rc8 20. Qc4 Qa5 21. h4 Rc6 22. h5 Ra6 23. hxg6 hxg6 24. a3 Rb6 25. Rh1 d3 26. c3 Qb5 27. Qxb5 Rxb5 28. Reh4 Rd8 29. Nd2 Bf6 30. R4h2 Kf8 31. f4 Rdb8 32. f5 Rxb2 33. Bxb8 Rxb8 34. fxe6 Bxc3 35. Rh8+ Bxh8 36. Rxh8+ 1-0

[Event "*** Titled Tuesday Blitz"]
[Site "Chess.com"]
[Date "2021.02.09"]
[Round "6"]
[White "Yaacovn"]
[Black "Mr_Sinigami"]
[Result "1-0"]
[WhiteElo "2851"]
[BlackElo "2647"]
[TimeControl "180+1"]
[EndTime "11:07:58 PST"]
[Termination "Yaacovn won on time"]

1. d4 Nf6 2. e3 g6 3. Nf3 Bg7 4. Be2 O-O 5. O-O c5 6. b3 b6 7. Bb2 Bb7 8. c4 cxd4 9. Nxd4 Nc6 10. Bf3 Qc8 11. Nb5 a6 12. N5c3 Ne5 13. Bxb7 Qxb7 14.
Na3 d6 15. Qd2 Rac8 16. Rad1 Rfd8 17. h3 Ned7 18. Qe2 Nc5 19. Rd4 Nfe4 20. Nd5 e6 21.
Nb4 f5 22. Rdd1 Nc3 23. Bxc3 Bxc3 24. Nd3 Nxd3 25. Rxd3 Be5 26. Rfd1 b5 27. f4 Bf6 28.
Kh2 Be7 29. cxb5 axb5 30. Nc2 d5 31. Nd4 Qb6 32. R3d2 Bb4 33. Rc2 Rxc2 34. Qxc2 Bc5 35. Nxe6 Rc8 36. Rxd5 Qxe6 37. Rxc5 Rd8 38. Re5 Qd6 39.
Rxb5 Re8 40. Qc3 1-0

[Event "*** Titled Tuesday Blitz"]
[Site "Chess.com"]
[Date "2021.02.09"]
[Round "6"]
[White "lucachess49"]
[Black "szachuspl"]
[Result "1-0"]
[WhiteElo "2343"]
[BlackElo "2511"]
[TimeControl "180+1"]
[EndTime "11:07:58 PST"]
[Termination "lucachess49 won by resignation"]

1. d4 Nf6 2. c4 g6 3. f3 Bg7 4. e4 O-O 5. Ne2 d6 6. Nbc3 e5 7. Be3 c6 8. Qd2 Nbd7 9. d5 cxd5 10. cxd5 a6 11. g4 b5 12. h4 h5 13. g5 Nh7 14.
Nc1 f6 15. gxf6 Bxf6 16. Nd3 Bxh4+ 17. Ke2 Bg5 18. Rg1 Bxe3 19. Qxe3 Qf6 20. Bh3 Kh8 21. Raf1 Rf7 22. Qh6 Rg7 23. f4 Qh4 24. fxe5 Qxh3 25.
e6 Bb7 26. Nf4 Qh4 27. Rxg6 Qe7 28. Rfg1 Rag8 29. Rxg7 Rxg7 30. Rxg7 Qxg7 31. Qxg7+ Kxg7 32. exd7 1-0

[Event "*** Titled Tuesday Blitz"]
[Site "Chess.com"]
[Date "2021.02.09"]
[Round "6"]
[White "KetiGrant"]
[Black "KruHor"]
[Result "1-0"]
[WhiteElo "2360"]
[BlackElo "2554"]
[TimeControl "180+1"]
[EndTime "11:08:00 PST"]
[Termination "KetiGrant won by resignation"]

1. e4 c5 2. Nf3 d6 3. Bb5+ Bd7 4. Bxd7+ Nxd7 5. O-O Ngf6 6. Re1 e6 7. c3 Rc8 8. d4 cxd4 9. cxd4 d5 10. e5 Ne4 11.
Nbd2 Nxd2 12. Bxd2 Be7 13. a4 O-O 14. a5 Nb8 15.
Qb3 Qd7 16. h4 Rc4 17. Qd3 Rfc8 18. Bc3 h6 19. g3 Na6 20. Kg2 Bb4 21. Rec1 Bxc3 22.
bxc3 Nc7 23. Nd2 Ra4 24. Rab1 Qc6 25. Nb3 Na6 26. Qd2 Rc4 27. Kh2 Rxc3 28. Rxc3 Qxc3 29.
Rc1 Qxb3 30. Rxc8+ Kh7 31. Qf4 Qd3 32. Qxf7 Qxd4 33. h5 1-0

[Event "*** Titled Tuesday Blitz"]
[Site "Chess.com"]
[Date "2021.02.09"]
[Round "6"]
[White "Etud-otradnoe"]
[Black "HajiyevKanan"]
[Result "0-1"]
[WhiteElo "2306"]
[BlackElo "2488"]
[TimeControl "180+1"]
[EndTime "11:08:00 PST"]
[Termination "HajiyevKanan won on time"]

1. e4 c6 2. d4 d5 3. e5 a6 4. c4 Bf5 5. Nc3 e6 6. a3 h6 7. Be3 Nd7 8. c5 f6 9. f4 fxe5 10. fxe5 g5 11. Qh5+ Ke7 12. Nge2 Bg7 13. Ng3 Qe8 14. Be2 Qxh5 15. Nxh5 Rh7 16. g4 Bg6 17. Nxg7 Rxg7 18. h4 gxh4 19. Rxh4 Rf8 20.
Kd2 a5 21. Rah1 b6 22. b4 axb4 23. axb4 Ra8 24. Bxh6 Nxh6 25. Rxh6 bxc5 26. bxc5 Rb8 27. R1h3 Rb2+ 28. Ke3 Rb3 29. Kf4 Rb2 30. g5 Rf7+ 31.
Kg3 Bf5 32. Bh5 Rg7 33. Bg4 Rxg5 34. R3h4 Rb3 35. Rh7+ Bxh7 36. Rxh7+ Ke8 37. Kf4 Rxg4+ 38. Kxg4 Rxc3 39. Rh8+ Nf8 40. Kg5 Rf3 41. Kh6 Rh3+ 0-1

[Event "*** Titled Tuesday Blitz"]
[Site "Chess.com"]
[Date "2021.02.09"]
[Round "6"]
[White "TheSodabread"]
[Black "cstevens1"]
[Result "0-1"]
[WhiteElo "2100"]
[BlackElo "2704"]
[TimeControl "180+1"]
[EndTime "11:08:00 PST"]
[Termination "cstevens1 won by checkmate"]

1. e4 c5 2. Nc3 e6 3. f4 d5 4. Nf3 dxe4 5. Nxe4 Nf6 6. Bb5+ Bd7 7. Nxf6+ Qxf6 8.
Bxd7+ Nxd7 9. d3 Bd6 10. g3 O-O 11. O-O h6 12. Qe2 Rac8 13. c3 Rfd8 14. Be3 Nb6 15. Rad1 Nd5 16. Bf2 Qe7 17. Ne5 Qc7 18. Nc4 Bf8 19. Ne3 Nxe3 20. Bxe3 Rd5 21. d4 cxd4 22. Bxd4 Bc5 23. Qe3 Rcd8 24. Rd2 Bxd4 25. Rxd4 Rxd4 26. cxd4 Qb6 27. f5 exf5 28. Rxf5 Qxd4 29. Qxd4 Rxd4 30. Rb5 b6 31. Kg2 Rd2+ 32. Kh3 g5 33. a4 Kg7 34. a5 bxa5 35. Rxa5 Kg6 36. Ra6+ f6 37. Rxa7 h5 38.
g4 Rd3+ 39. Kg2 hxg4 40. Rb7 Rd2+ 41. Kg3 f5 42. Rb6+ Kh5 43. b4 f4# 0-1

[Event "*** Titled Tuesday Blitz"]
[Site "Chess.com"]
[Date "2021.02.09"]
[Round "6"]
[White "frederiksvane"]
[Black "Volodar_Murzin"]
[Result "0-1"]
[WhiteElo "2730"]
[BlackElo "2624"]
[TimeControl "180+1"]
[EndTime "11:08:01 PST"]
[Termination "Volodar_Murzin won by resignation"]

1. e4 c5 2. Nf3 d6 3. Bb5+ Nd7 4. d4 Nf6 5. Nc3 cxd4 6. Qxd4 a6 7. Bxd7+ Bxd7 8. Bg5 e6 9. O-O-O Be7 10. e5 dxe5 11. Nxe5 Bc6 12. Nxc6 bxc6 13. Qc4 Qc7 14. Bxf6 Bxf6 15.
Ne4 Be7 16. Nc5 Qb6 17. Nd7 Qb5 18. Qe4 Rd8 19. Ne5 Rd5 20. f4 Bf6 21. c4 Qc5 22. Nd3 Qd4 23. Rhe1 Rd6 24. Qxd4 Rxd4 25. b3 O-O 26. g3 a5 27. Nc5 Rfd8 28. Rxd4 Bxd4 29. Rd1 Be3+ 30. Kc2 Rxd1 31. Kxd1 Bxc5 32. Kc2 Kf8 33. Kd3 Ke7 34. Ke4 Kd6 35. g4 f6 36.
h4 g6 37. h5 f5+ 38. gxf5 exf5+ 39. Kf3 gxh5 40. Kg3 Be3 41. Kf3 Bc1 0-1